 Dungeon Crawl Stone Soup version 0.18-a0-844-g9229740 (webtiles) character file.

588 JokEr the Insei (level 7, 0/58 HPs)
             Began as an Octopode Transmuter on Dec 19, 2015.
             Slain by a worker ant (7 damage)
             ... on level 4 of the Dungeon.
             The game lasted 00:26:42 (9642 turns).

JokEr the Insei (Octopode Transmuter)               Turns: 9642, Time: 00:26:43

Health: 0/58       AC:  5    Str:  9    XL:     7   Next: 38%
Magic:  2/10       EV: 10    Int: 22    God:
Gold:   199        SH:  0    Dex: 15    Spells: 2 memorised, 5 levels left

rFire  . . .     SeeInvis .       - Unarmed
rCold  + + .     Gourm    .     (shield currently unavailable)
rNeg   . . .     Faith    .     (helmet currently unavailable)
rPois  +         Spirit   .     (no amulet)
rElec  .         Dismiss  .     h - +2 ring of dexterity
rCorr  .         Reflect  .     c - ring of protection from magic
SustAt .         Harm     .     f - ring of fire
MR     +....                    (no ring)
Stlth  +.........               (no ring)
                                (no ring)
                                (no ring)
                                (no ring)

@: brilliant, ice-form, somewhat resistant to hostile enchantments, very
unstealthy
A: almost no armour, amphibious, 8 rings, (constrict 8), (camouflage 0),
(gelatinous body 0)
a: End Transformation


You were on level 4 of the Dungeon.
You were hungry.
You were a creature of crystalline ice.
You visited 1 branch of the dungeon, and saw 5 of its levels.

You collected 199 gold pieces.

Inventory:

Missiles
 a - 43 arrows
Jewellery
 c - a ring of protection from magic (right front paw)
 f - a ring of fire (on tentacle)
 h - a +2 ring of dexterity (left front paw)
Wands
 e - a wand of fire (7)
Scrolls
 m - a scroll of amnesia
 o - a scroll of teleportation
 r - a scroll of fog
Potions
 d - a potion of brilliance
 g - 2 potions of lignification
 j - 4 potions of poison
 p - a potion of flight {unknown}
 t - a potion of agility {unknown}
Books
 b - a book of Changes

   Spells                             Type                      Level
   a - Beastly Appendage              Transmutation                1
   b - Sticks to Snakes               Transmutation                2
   c - Spider Form                    Transmutation/Poison         3
   d - Ice Form                       Ice/Transmutation            4
   e - Blade Hands                    Transmutation                5
Comestibles
 l - 2 fruits
 s - a meat ration


   Skills:
 + Level 4.4 Fighting
 - Level 2.0 Dodging
 + Level 5.3 Unarmed Combat
 - Level 2.0 Spellcasting
 - Level 3.1 Transmutations
 + Level 3.4 Ice Magic


You had 5 spell levels left.
You knew the following spells:

 Your Spells              Type           Power        Failure   Level  Hunger
a - Beastly Appendage     Trmt           ####..       1%          1    #......
b - Ice Form              Ice/Trmt       ##......     4%          4    #####..


Dungeon Overview and Level Annotations

Branches:
Dungeon (5/15)
 Temple: D:4-7

Altars:
Ashenzari
Elyvilon
Fedhas
Makhleb
Okawaru
Vehumet
The Shining One


Innate Abilities, Weirdness & Mutations

You cannot wear most types of armour.
You are amphibious.
You can wear up to eight rings at the same time.
((You can use your tentacles to constrict eight enemies at once.))
((Your skin changes colour to match your surroundings (Stealth).))
((Your rubbery body absorbs attacks (AC +1).))


Message History

You feel sick.
You are no longer poisoned.
You start resting.
Your magical contamination has completely faded away.
You start resting.
You warm up again.
You start resting.
Eat which item? (? for menu, Esc to quit)
Okay, then.
Read which item? (? for menu, Esc to quit)
Okay, then.
Drink which item? (? for menu, Esc to quit)
It was a potion of brilliance.
You feel clever all of a sudden.
Casting: Ice Form
Confirm with . or Enter, or press ? or * to list all spells.
You feel a numb sensation.
You turn into a creature of crystalline ice.
The worker ant bites you!
You die...

..o.......#.# ##............#.#
..........#.###...#..######.#.#
..........#.#.....'....####.#.##
..........#.#.....#.###........#
....................###........#
[..............................#
...............................#
..........#....########........##
.....######....#Y..# #..........
.###.######....#a..#########..##.
.'.............................'.
.###.######.#..............##..#.
.# #.).........#...........###.#.
.#
########.####...........#<รท.).
.# #.# #........#..###... .#
########.####........#..# #... .#
#...........###......#..###..#


You could see a worker ant.

Vanquished Creatures
  The ghost of cireshan the Conjurer, an amateur DECj (D:4)
  Blork the orc (D:4)
  2 crimson imps
  A giant frog zombie (D:5)
  An orc wizard (D:5)
  2 worker ants (D:4)
  10 adders
  4 gnolls
  An adder skeleton (D:4)
  2 worms (D:4)
  3 giant geckos
  10 orcs
  2 ball pythons
  6 bats
  8 hobgoblins
  4 jackals (D:4)
  2 quokkas
  6 giant cockroaches
  3 giant newts
  9 goblins
  4 kobolds
  37 rats
119 creatures vanquished.

Vanquished Creatures (others)
  A worm (D:5)
  3 orcs (D:5)
4 creatures vanquished.

Grand Total: 123 creatures vanquished

Notes
Turn   | Place    | Note
--------------------------------------------------------------
     0 | D:1      | JokEr the Octopode Transmuter began the quest for the Orb.
     0 | D:1      | Reached XP level 1. HP: 13/13 MP: 3/3
   306 | D:1      | Reached XP level 2. HP: 18/18 MP: 3/5
  1233 | D:2      | Reached XP level 3. HP: 11/24 MP: 4/6
  2036 | D:2      | Reached XP level 4. HP: 28/30 MP: 7/7
  2231 | D:2      | Found an iron altar of Okawaru.
  2822 | D:2      | Reached skill level 4 in Unarmed Combat
  2891 | D:3      | Reached XP level 5. HP: 32/36 MP: 6/8
  2930 | D:3      | Learned a level 4 spell: Ice Form
  3429 | D:3      | Reached skill level 1 in Ice Magic
  3966 | D:3      | Found a radiant altar of Vehumet.
  3997 | D:3      | Found a glowing golden altar of the Shining One.
  4192 | D:4      | Noticed cireshan's ghost (amateur DECj)
  5228 | D:4      | HP: 1/36 [cireshan's ghost/magic dart (8)]
  6346 | D:4      | Found a burning altar of Makhleb.
  6725 | D:4      | Found a white marble altar of Elyvilon.
  6748 | D:4      | Reached XP level 6. HP: 38/42 MP: 7/9
  7197 | D:4      | Found a shattered altar of Ashenzari.
  7197 | D:4      | Found a blossoming altar of Fedhas.
  7275 | D:4      | Noticed Blork the orc
  7584 | D:4      | Killed Blork the orc
  8006 | D:4      | Killed cireshan's ghost
  8182 | D:4      | Reached XP level 7. HP: 37/48 MP: 10/10
  8751 | D:4      | Reached skill level 5 in Unarmed Combat
  8948 | D:5      | Entered Level 5 of the Dungeon
  9642 | D:4      | Slain by a worker ant

Vault maps used:
D:1:      eino_arrival_cavern_a, minmay_misc_feat_iff
D:2:      okawaru_metal_pillars_3, roderic_hopi_sauvastika,
          minmay_splitting_lines, minmay_rats_cheesy_pizza
D:3:      vehumet_crystals, lemuel_doored_altar
D:4:      elyvilon_altar_1, old_standard_altar,
          gammafunk_temple_overflow_elements, first_bread, uniq_blork_the_orc
D:5:      overflow_temple_1_default, lemuel_temple_firewalk_marked,
          nicolae_for_you_no_charge, uniq_crazy_yiuf_cottage

Action                   |  1- 3 |  4- 6 |  7- 9 || total
-------------------------+-------+-------+-------++-------
Melee: Unarmed           |    92 |   186 |    64 ||   342
 Cast: Beastly Appendage |    19 |    43 |    11 ||    73
       Ice Form          |       |     2 |     2 ||     4
  Use: Scroll            |     3 |     9 |     2 ||    14
       Potion            |       |     3 |     1 ||     4
 Stab: Sleeping          |     6 |     6 |       ||    12
       Distracted        |       |     1 |       ||     1
  Eat: Chunk             |     4 |     5 |       ||     9
       Bread ration      |       |     4 |       ||     4
       Pizza             |       |     1 |       ||     1
       Fruit             |       |       |     2 ||     2
